AoeStats
← inc

Black Forest

509357091Analyzed
3v3 RM · 7d ago on Sep 26, 2026· 30m 31s· 6 players
Game mode
Random Map
Map size
Normal (6 player)
Population
200
Speed
Normal
Resources
Standard
Victory
Conquest
Starting age
Dark Age
Ending age
Imperial Age
RankedLock teamsTeams togetherTeam positionsShared explorationLock speedFull tech treeHidden civsTurbo modeCheats
Victory
Defeat
🇬🇧 Inca · United Kingdom
1210
+11
🇺🇸 Tatars · United States
1175
+12
🇺🇸 Saxons · United States
1063
+16
🇹🇼 Persians · Taiwan
1118
-15
🇪🇪 Mongols · Estonia
1067
-12
🇹🇼 Japanese · Taiwan
1064
-12
一杯冰美式
1:01 Loom
11:46 Feudal Age
24:15 Castle Age
22:26 Double-Bit Axe
22:48 Horse Collar
inc
1:13 Loom
11:55 Feudal Age
12:36 Double-Bit Axe
16:36 Castle Age
15:21 Stone Mining
16:19 Fletching
17:38 Bow Saw
18:01 Gold Mining
18:03 Stone Mining
18:25 Bodkin Arrow
22:52 Horse Collar
24:52 Wheelbarrow
25:50 Padded Archer Armor
29:53 Leather Archer Armor
30:06 Thumb Ring
last stardust
6:00 Loom
11:11 Feudal Age
13:40 Double-Bit Axe
19:00 Castle Age
18:06 Wheelbarrow
17:16 Town Watch
17:38 Gold Mining
17:38 Stone Mining
22:03 Fishing Lines
24:53 Pikeman
26:13 Bow Saw
26:11 Scale Mail Armor
27:15 Bloodlines
27:41 Horse Collar
28:24 Husbandry
28:04 Pikeman
Calum1Ltv
2:33 Loom
9:02 Feudal Age
10:34 Double-Bit Axe
21:59 Castle Age
19:50 Horse Collar
22:31 Fishing Lines
23:04 Bow Saw
22:52 Fletching
23:47 Scale Mail Armor
27:51 Gillnets
onesecimpoopin
6:09 Loom
12:49 Feudal Age
14:27 Double-Bit Axe
16:47 Castle Age
14:58 Horse Collar
15:38 Scale Barding Armor
16:30 Gold Mining
17:00 Forging
18:30 Wheelbarrow
18:14 Bow Saw
18:24 Husbandry
21:16 Bloodlines
23:59 Iron Casting
26:53 Chain Barding Armor
29:21 Hand Cart
29:06 Stone Mining
29:52 Gold Shaft Mining
OffensiveMars
0:28 Loom
12:44 Feudal Age
15:13 Double-Bit Axe
21:20 Castle Age
19:35 Forging
19:25 Scale Mail Armor
19:10 Horse Collar
26:16 Wheelbarrow
28:55 Squires
Connection lost

Rejoining the realm…

Still unreachable

The connection could not be restored.

Session expired

The server has moved on; the page needs a fresh start.